 Dungeon Crawl Stone Soup version 0.21.0-3-g78d12a8 (webtiles) character file.

73630 Monsterracer the Severer (level 15, -6/141 HPs)
             Began as a Hill Orc Fighter on Jan 9, 2018.
             Was a High Priest of Uskayaw.
             Mangled by an orc warrior
             ... wielding a +0 halberd of freezing
              (24 damage)
             ... on level 2 of the Orcish Mines.
             The game lasted 00:28:15 (21567 turns).

Monsterracer the Severer (Hill Orc Fighter)        Turns: 21567, Time: 00:28:16

Health: -6/141     AC: 35    Str: 29    XL:     15   Next: 44%
Magic:  26/26      EV: 12    Int:  3    God:    Uskayaw [*****.]
Gold:   1961       SH: 13    Dex: 10    Spells: 14/14 levels left

rFire    + . .     SeeInvis +   a - +6 war axe
rCold    + . .     Gourm    .   f - +0 shield
rNeg     + + .     Faith    .   p - +6 plate armour {rF+}
rPois    +         Spirit   .   j - +2 helmet
rElec    .         Reflect  .   s - +2 cloak
rCorr    .         Harm     .   y - +2 pair of gloves {Str+3}
MR       +....                  G - +2 pair of boots {run}
Stlth    ..........             P - amulet of regeneration
HPRegen  0.73/turn              D - +4 ring of evasion
MPRegen  0.20/turn              N - ring of Immorality {rPois rC+ rN++ Int-5 SInv}

@: quick
A: no striking features
a: Stomp, Line Pass, Grand Finale, Renounce Religion


You were on level 2 of the Orcish Mines.
You worshipped Uskayaw.
Uskayaw was pleased with you.
You were not hungry.

You visited 3 branches of the dungeon, and saw 20 of its levels.
You also visited: Ice Cave.

You collected 2449 gold pieces.
You spent 488 gold pieces at shops.

Inventory:

Hand Weapons
 a - a +6 war axe (weapon)
 b - a +0 morningstar
Missiles
 w - a throwing net (quivered)
Armour
 f - a +0 shield (worn)
 j - a +2 helmet (worn)
 p - a +6 plate armour of fire resistance (worn)
 s - a +2 cloak (worn)
 y - a +2 pair of gloves of strength (worn)
 G - a +2 pair of boots of running (worn)
 I - +0 ice dragon scales
Jewellery
 D - a +4 ring of evasion (left hand)
 J - the ring of Beogh's Esteem {rN+ Str+3 Int+4}
   (You found it on level 10 of the Dungeon)

   [ring of intelligence]

   It affects your strength (+3).
   It affects your intelligence (+4).
   It protects you from negative energy.
 N - the ring of Immorality (right hand) {rPois rC+ rN++ Int-5 SInv}
   (You found it on level 2 of the Lair of Beasts)

   [ring of poison resistance]

   It affects your intelligence (-5).
   It protects you from cold.
   It protects you from poison.
   It greatly protects you from negative energy.
   It lets you see invisible.
 P - an amulet of regeneration (around neck)
Wands
 q - a wand of flame (60)
 A - a wand of clouds (4)
 Q - a wand of acid (17)
Scrolls
 h - 10 scrolls of teleportation
 l - 5 scrolls of magic mapping {!r}
 m - 10 scrolls of remove curse
 n - a scroll of blinking
 v - 11 scrolls of identify
 x - 2 scrolls of fog
 F - 2 scrolls of enchant weapon
 M - 2 scrolls of fear {!r}
Potions
 d - 5 potions of might
 e - 8 potions of lignification
 g - 2 potions of flight
 i - 6 potions of curing
 k - 3 potions of agility
 r - 2 potions of berserk rage {!q}
 t - 2 potions of mutation {!q}
 u - 5 potions of heal wounds
 B - 3 potions of resistance
 C - a potion of ambrosia {unknown}
 E - 2 potions of cancellation
 H - 2 potions of invisibility
 L - 5 potions of haste
Comestibles
 c - 41 rations


   Skills:
 * Level 15.0 Fighting
 - Level 16.0 Axes
 + Level 12.2 Armour
 - Level 2.6 Dodging
 + Level 12.2 Shields
 * Level 15.7 Invocations


You had 14 spell levels left.
You didn't know any spells.

Dungeon Overview and Level Annotations

Branches:
Dungeon (12/15)            Temple (0/1) D:5            Lair (6/6) D:10
 Shoals (0/4) Lair:3       Spider (0/4) Lair:2        Slime (0/5) Lair:6
    Orc (2/2) D:12
    Elf: Orc:2

Altars:
Dithmenos
Elyvilon
Fedhas
Qazlal
Sif Muna
Trog
Uskayaw
Yredelemnul
The Shining One
Jiyva

Shops:
D:10 *!

Annotations:
Lair:4 exclusion: 4 oklob plants
Lair:6 1 runed door


Message History

You hit the orc warrior.
The orc warrior is moderately wounded.
You closely miss the orc knight. You closely miss the orc warrior.
The centaur warrior shoots an arrow.
You block the arrow. The orc warrior barely misses you.
You chop the orc warrior into pieces!!!
You kill the orc warrior!
Your plate armour prevents you from hitting the orc knight.
You slash the orc warrior! You block the orc warrior's attack.
The orc warrior barely misses you. You block the orc knight's attack.
The centaur warrior shoots an arrow.
The arrow hits you!
You take 9 damage, and have 71/141 hp.
The orc warrior closely misses you.
The centaur warrior shoots an arrow.
You block the arrow. The orc warrior barely misses you.
The orc warrior closely misses you.
An orc warrior comes into view. It is wielding a hand axe.
Items here: (( )))) [ † You slash the orc warrior!
The orc warrior is heavily wounded.
Your plate armour prevents you from hitting the orc.
You slice the orc warrior!! You slash the orc knight!
You slash the orc warrior!
You hit the orc warrior but do no damage.
You block the orc warrior's attack.
The orc knight hits you but does no damage.
The centaur warrior shoots an arrow.
The arrow barely misses you.
The arrow barely misses the orc warrior.
You can now merge with and destroy a victim.
You hit the orc warrior.
The orc warrior is severely wounded.
You barely miss the orc warrior. You closely miss the orc warrior.
You slash the orc knight!
You hit the orc warrior but do no damage.
You barely miss the orc.
The orc unwields an uncursed arbalest.
The orc wields an uncursed hand axe.
The orc hits you but does no damage.
The orc warrior hits you with a halberd!
* * * LOW HITPOINT WARNING * * *
The orc warrior hits you but does no damage.
The orc warrior barely misses you. You block the orc warrior's attack.
The centaur warrior shoots an arrow.
You block the arrow. You block the orc warrior's attack.
You take 8 damage, and have 64/141 hp.
You slash the orc warrior!
You kill the orc warrior!
You hit the orc. You slash the orc warrior!
You kill the orc warrior!
You slice the orc knight!!
You kill the orc knight!
You slash the orc warrior!
You kill the orc warrior!
You slash the orc warrior! You block the orc warrior's attack.
You block the orc's attack. The orc warrior misses you.
Unknown command.
The orc unwields an uncursed arbalest.
The orc wields an uncursed hand axe.
You block the orc's attack. You block the orc warrior's attack.
The orc warrior hits you but does no damage.
The orc warrior hits you with a glaive.
* * * LOW HITPOINT WARNING * * *
Items here: (( ))))) [ ††† You take 4 damage, and have 60/141 hp.
You slice the orc!!
You kill the orc!
You slash the orc warrior! x2; You hit the orc.
You kill the orc!
You slash the orc warrior!
The centaur warrior shoots an arrow.
The arrow hits you but does no damage.
The orc warrior hits you with a halberd of freezing!
* * * LOW HITPOINT WARNING * * *
The orc warrior freezes you.
* * * LOW HITPOINT WARNING * * *
You take 17 damage, and have 43/141 hp.
You slash the orc warrior!
The orc warrior is almost dead.
You barely miss the orc warrior. You slash the orc warrior!
You block the orc's attack.
The orc warrior hits you but does no damage.
The orc warrior unwields an uncursed broad axe.
The orc warrior wields an arbalest.
The orc warrior shoots a bolt.
The bolt barely misses you.
The orc warrior hits you from afar with a glaive!
* * * LOW HITPOINT WARNING * * *
You block the orc warrior's attack.
Uskayaw links your audience in an emotional bond!
You take 9 damage, and have 34/141 hp.
You closely miss the orc warrior.
The orc warrior is almost dead.
You slash the orc warrior! You barely miss the orc warrior.
You block the orc warrior's attack. You block the orc's attack.
You hit the orc warrior.
The orc warrior is almost dead.
You hit the orc warrior but do no damage.
You completely miss the orc warrior.
The orc warrior hits you but does no damage.
The orc warrior hits you from afar with a glaive.
* * * LOW HITPOINT WARNING * * *
You block the orc warrior's attack.
The orc warrior shoots a bolt.
The bolt hits you!
* * * LOW HITPOINT WARNING * * *
The orc warrior hits you with a halberd of freezing!!
You die...

. #. ...#......≈≈≈≈ ..
#..#.....≈≈≈≈### ...
..............o ...
.........o..... ..####
...#....o≈≈≈≈##
$..#........#...o..≈≈≈≈##
..............(o)o)..≈≈≈≈
.....#......#..o@)o....≈≈
.........#..##.)c)).....≈
.............##)(##..##..
...............()(.......
..............((.........
..............(###.####..
.............((.....## .
...........#.#.......##
...[......#........(...


You could see a centaur warrior, 6 orc warriors and an orc.

Vanquished Creatures
  Rupert (Lair:5)
  Gastronok (Lair:1)
  An orc warlord (Orc:1)
  2 stone giants
  Snorg (D:10)
  Erolcha (D:11)
  2 ice dragons (IceCv)
  5 hydras
  A catoblepas (Lair:2)
  Erica (D:11)
  3 two-headed ogres
  2 centaur warriors
  9 death yaks
  An orc high priest (Orc:2)
  Nergalle (D:10)
  2 swamp dragons (Lair:4)
  2 orc knights (Orc:2)
  A wolf spider (Lair:2)
  2 ugly things
  An orc sorcerer (Orc:2)
  5 cyclopes
  A manticore (D:11)
  6 black mambas
  A torpor snail (Lair:5)
  2 ice statues (IceCv)
  8 spiny frogs
  Psyche (D:10)
  5 rime drakes
  4 komodo dragons (Lair:4)
  7 polar bears
  3 trolls
  A slime creature (Lair:4)
  5 hornets (Lair:6)
  A snapping turtle (Lair:3)
  9 blink frogs
  16 dream sheep
  7 hippogriffs
  14 spriggans (Lair:6)
  45 yaks
  3 hogs (D:7)
  A wyvern (D:11)
  A human (D:7)
  The ghost of EmerC2 the Skirmisher, an amateur FoCK of Xom (D:4)
  Grum (D:9)
  4 basilisks
  A warg (Orc:2)
  Menkaure (D:5)
  A steam dragon (Lair:4)
  3 swamp worms (Lair:4)
  An acid dragon (D:11)
  15 water moccasins
  2 swamp drakes (Lair:4)
  5 porcupines
  17 ice beasts
  A sky beast (D:10)
  30 orc warriors
  5 black bears
  A necrophage (D:6)
  3 boggarts (Lair:6)
  22 wolves
  8 centaurs
  8 ogres
  7 crocodiles
  A big kobold (D:8)
  9 bullfrogs
  2 gnoll sergeants
  5 scorpions
  15 killer bees
  2 electric eels (Lair:3)
  A howler monkey (D:11)
  3 wights (D:8)
  4 crimson imps
  6 hounds
  A centaur zombie (D:8)
  2 bullfrog zombies
  2 centaur skeletons
  A jelly (D:10)
  A gnoll shaman (D:7)
  13 orc priests
  Crazy Yiuf (D:5)
  20 orc wizards
  4 bullfrog skeletons
  8 iguanas
  8 worker ants
  A killer bee zombie (D:8)
  A hound skeleton (D:7)
  Robin (D:2)
  18 gnolls
  9 adders
  A shadow imp (D:7)
  12 white imps (Orc:2)
  An adder skeleton (D:5)
  A worm (D:3)
  A dart slug (D:1)
  4 leopard geckos
  64 orcs
  8 bats
  4 giant cockroaches
  15 goblins
  4 hobgoblins
  4 jackals
  10 kobolds
  3 quokkas
  2 ball pythons
  7 frilled lizards
  A jackal zombie (D:5)
  A leopard gecko zombie (D:8)
  4 rats
  4 fungi
  6 plants
619 creatures vanquished.

Vanquished Creatures (others)
  A dream sheep (Lair:4)
  An orc (Orc:2)
  2 bushes (Lair:6)
  17 fungi
  9 plants
30 creatures vanquished.

Grand Total: 649 creatures vanquished

Notes
Turn   | Place    | Note
-------+----------+-------------------------------------------
     0 | D:1      | Monsterracer the Hill Orc Fighter began the quest for the Orb.
     0 | D:1      | Reached XP level 1. HP: 19/19 MP: 1/1
    87 | D:1      | Reached skill level 3 in Axes
   368 | D:1      | Reached XP level 2. HP: 26/26 MP: 2/2
   750 | D:1      | HP: 13/26 [dart slug/slug dart (6)]
   752 | D:1      | Reached skill level 4 in Axes
  1494 | D:2      | Noticed Robin
  1498 | D:2      | Reached XP level 3. HP: 27/31 MP: 3/3
  1521 | D:2      | HP: 12/31 [goblin[Robin] (5)]
  1522 | D:2      | HP: 2/31 [goblin/club[Robin] (4)]
  1527 | D:2      | HP: 3/46 [goblin[Robin] (1)]
  1531 | D:2      | Killed Robin
  1531 | D:2      | Reached skill level 5 in Axes
  2083 | D:2      | Found a bloodstained altar of Trog.
  2255 | D:3      | Reached XP level 4. HP: 30/40 MP: 4/4
  2708 | D:3      | HP: 15/40 [orc priest/divine providence (9)]
  2710 | D:3      | HP: 7/40 [orc priest/divine providence (8)]
  2717 | D:3      | HP: 20/40 [orc priest/club (1)]
  2722 | D:3      | Reached XP level 5. HP: 13/46 MP: 5/5
  2975 | D:3      | Found a shadowy altar of Dithmenos.
  2975 | D:3      | Found a white marble altar of Elyvilon.
  2981 | D:3      | Found a deep blue altar of Sif Muna.
  2983 | D:3      | Found a glowing golden altar of the Shining One.
  2984 | D:3      | Found a hide-covered altar of Uskayaw.
  3000 | D:3      | Became a worshipper of Uskayaw the Reveler
  3119 | D:3      | Reached skill level 6 in Axes
  3121 | D:3      | Reached * piety under Uskayaw
  3580 | D:4      | Reached skill level 1 in Dodging
  3624 | D:4      | Noticed EmerC2's ghost (amateur FoCK)
  3665 | D:4      | Reached ** piety under Uskayaw
  3671 | D:4      | Killed EmerC2's ghost
  3671 | D:4      | Reached skill level 1 in Invocations
  3671 | D:4      | Reached XP level 6. HP: 30/53 MP: 5/7
  4104 | D:5      | Entered Level 5 of the Dungeon
  4181 | D:5      | Noticed an ice beast
  4190 | D:5      | Reached *** piety under Uskayaw
  4192 | D:5      | Reached **** piety under Uskayaw
  4193 | D:5      | Killed an ice beast
  4193 | D:5      | Reached skill level 7 in Axes
  4193 | D:5      | Reached XP level 7. HP: 52/60 MP: 8/8
  4239 | D:5      | Found a staircase to the Ecumenical Temple.
  4465 | D:5      | Found a runed door.
  4603 | D:5      | Noticed Menkaure
  4641 | D:5      | HP: 23/60 [Menkaure/nerve-wracking pain (11)]
  4642 | D:5      | Killed Menkaure
  4642 | D:5      | Reached skill level 5 in Fighting
  5012 | D:5      | Noticed Crazy Yiuf
  5017 | D:5      | Killed Crazy Yiuf
  5085 | D:6      | Reached XP level 8. HP: 67/68 MP: 10/10
  5095 | D:6      | Reached ***** piety under Uskayaw
  5096 | D:6      | Reached skill level 8 in Axes
  5300 | D:6      | Reached skill level 5 in Armour
  5303 | D:6      | Reached skill level 5 in Shields
  6167 | D:7      | Reached skill level 9 in Axes
  6170 | D:7      | Reached XP level 9. HP: 67/75 MP: 12/12
  6342 | D:7      | Found a blossoming altar of Fedhas.
  6435 | D:7      | Reached skill level 5 in Invocations
  6923 | D:7      | Reached skill level 10 in Axes
  7251 | D:8      | Noticed a red ugly thing
  7260 | D:8      | HP: 33/79 [red ugly thing (20)]
  7262 | D:8      | HP: 3/79 [red ugly thing (22)]
  7272 | D:8      | Killed a red ugly thing
  7272 | D:8      | Reached skill level 11 in Axes
  7272 | D:8      | Reached XP level 10. HP: 35/86 MP: 1/14
  7947 | D:8      | Noticed a cyclops
  7957 | D:8      | Killed a cyclops
  8459 | D:9      | Noticed Grum
  8462 | D:9      | Reached skill level 12 in Axes
  8468 | D:9      | Killed Grum
  8577 | D:9      | Noticed a two-headed ogre
  8587 | D:9      | Killed a two-headed ogre
  8884 | D:9      | Found a basalt altar of Yredelemnul.
  8884 | D:9      | Found a stormy altar of Qazlal.
  9192 | D:10     | Entered Level 10 of the Dungeon
  9218 | D:10     | Reached XP level 11. HP: 95/95 MP: 15/17
  9229 | D:10     | Reached ****** piety under Uskayaw
  9230 | D:10     | Found a staircase to the Lair.
  9421 | D:10     | Found Innin's Distillery.
  9425 | D:10     | Bought a potion of cancellation for 120 gold pieces
  9425 | D:10     | Bought a potion of heal wounds for 75 gold pieces
  9425 | D:10     | Bought a potion of heal wounds for 75 gold pieces
  9449 | D:10     | Noticed Psyche
  9457 | D:10     | Killed Psyche
  9457 | D:10     | Reached skill level 13 in Axes
  9610 | D:10     | Noticed Snorg
  9620 | D:10     | Killed Snorg
  9714 | D:10     | Noticed a two-headed ogre
  9719 | D:10     | Killed a two-headed ogre
  9858 | D:10     | Found Zeojith's Assorted Antiques.
  9861 | D:10     | Bought a pair of runed boots for 195 gold pieces
  9861 | D:10     | Bought a sedimented grey potion for 23 gold pieces
  9867 | D:10     | Identified a +2 pair of boots of running (You bought it in a shop on level 10 of the Dungeon)
 10007 | D:10     | Got a fine lapis lazuli ring
 10008 | D:10     | Noticed a cyclops
 10021 | D:10     | Killed a cyclops
 10023 | D:10     | Identified the ring of Beogh's Esteem {rN+ Str+3 Int+4} (You found it on level 10 of the Dungeon)
 10153 | D:10     | Noticed Nergalle
 10163 | D:10     | Killed Nergalle
 10217 | Lair:1   | Entered Level 1 of the Lair of Beasts
 10333 | Lair:1   | Reached skill level 14 in Axes
 10471 | Lair:1   | Noticed Gastronok
 10484 | Lair:1   | Reached XP level 12. HP: 106/106 MP: 19/19
 10489 | Lair:1   | HP: 52/106 [Gastronok/the air (25)]
 10498 | Lair:1   | HP: 36/106 [Gastronok (18)]
 10502 | Lair:1   | Killed Gastronok
 11087 | Lair:1   | Reached skill level 10 in Fighting
 11531 | Lair:2   | Found a hole to the Spider Nest.
 11544 | Lair:2   | Reached skill level 10 in Invocations
 11676 | Lair:2   | Noticed a catoblepas
 11699 | Lair:2   | HP: 50/106 [catoblepas (5)]
 11705 | Lair:2   | HP: 29/106 [catoblepas (22)]
 11706 | Lair:2   | Killed a catoblepas
 12310 | Lair:2   | Noticed a six-headed hydra
 12320 | Lair:2   | HP: 53/106 [six-headed hydra (10)]
 12326 | Lair:2   | HP: 50/106 [six-headed hydra (2)]
 12329 | Lair:2   | HP: 24/106 [six-headed hydra (6)]
 12330 | Lair:2   | Killed a six-headed hydra
 12330 | Lair:2   | Reached skill level 15 in Axes
 12649 | Lair:2   | Got a slimy golden ring
 12691 | Lair:2   | Identified the ring of Immorality {rPois rC+ rN++ Int-5 SInv} (You found it on level 2 of the Lair of Beasts)
 13461 | Lair:3   | Noticed an eight-headed hydra
 13470 | Lair:3   | Killed an eight-headed hydra
 14248 | Lair:3   | Found a staircase to the Shoals.
 14566 | Lair:4   | Reached skill level 10 in Shields
 14621 | Lair:4   | Reached XP level 13. HP: 114/114 MP: 21/21
 14712 | Lair:4   | Reached skill level 10 in Armour
 14902 | Lair:4   | Reached skill level 16 in Axes
 16213 | Lair:5   | Noticed Rupert
 16240 | Lair:5   | Killed Rupert
 16240 | Lair:5   | Reached XP level 14. HP: 88/127 MP: 23/23
 16574 | Lair:6   | Entered Level 6 of the Lair of Beasts
 16584 | Lair:6   | HP: 59/127 [rime drake/flash freeze (21)]
 17391 | Lair:6   | HP: 63/129 [six-headed hydra (2)]
 17396 | Lair:6   | HP: 35/129 [six-headed hydra (3)]
 17398 | Lair:6   | HP: 16/129 [six-headed hydra (10)]
 17398 | Lair:6   | HP: 3/129 [basilisk (13)]
 17954 | Lair:6   | Found a runed door.
 17955 | Lair:6   | Found a viscous altar of Jiyva.
 17955 | Lair:6   | Noticed an acid blob
 17955 | Lair:6   | Noticed an acid blob
 17957 | Lair:6   | Found a staircase to the Slime Pits.
 18625 | D:11     | Noticed Erica
 18633 | D:11     | Killed Erica
 18974 | D:11     | Noticed Erolcha
 18983 | D:11     | Killed Erolcha
 19340 | D:12     | Found a staircase to the Orcish Mines.
 19359 | Orc:1    | Entered Level 1 of the Orcish Mines
 19384 | Orc:1    | Noticed a stone giant
 19400 | Orc:1    | Killed a stone giant
 19770 | Orc:1    | Reached skill level 15 in Invocations
 19770 | Orc:1    | Reached XP level 15. HP: 139/139 MP: 26/26
 20246 | Orc:2    | Entered Level 2 of the Orcish Mines
 20261 | Orc:2    | Noticed an orc warlord
 20421 | Orc:1    | Killed an orc warlord
 20606 | Orc:2    | Found a frozen archway.
 20628 | IceCv    | Entered an ice cave
 20889 | IceCv    | HP: 69/139 [ice dragon (10)]
 21534 | Orc:2    | Reached skill level 15 in Fighting
 21561 | Orc:2    | HP: 64/141 [orc warrior/halberd (9)]
 21567 | Orc:2    | HP: 30/141 [orc warrior/glaive (5)]
 21567 | Orc:2    | Mangled by an orc warrior

Skill      XL: |  1  2  3  4  5  6  7  8  9 10 11 12 13 14 15 |
---------------+----------------------------------------------+-----
Axes           | 3 4 5 6 7 9 11 12 14 15 16 | 16.0
Fighting       | 4 5 6 7 8 9 10 12 14 15 | 15.0
Dodging        | 1 2 |  2.6
Armour         | 4 5 6 7 8 9 10 11 12 | 12.2
Invocations    | 1 2 3 4 6 8 9 10 13 15 | 15.7
Shields        | 4 5 6 7 8 10 11 12 | 12.2

Action                   |  1- 3 |  4- 6 |  7- 9 | 10-12 | 13-15 || total
-------------------------+-------+-------+-------+-------+-------++-------
Melee: War axe           |   142 |   152 |   199 |   463 |   748 ||  1704
       Morningstar       |       |       |       |    18 |    38 ||    56
Invok: Line Pass         |       |       |     3 |     1 |       ||     4
       Stomp             |       |       |     1 |     2 |     5 ||     8
  Use: Scroll            |    10 |     5 |     3 |     8 |     7 ||    33
       Potion            |     2 |     1 |     1 |       |     1 ||     5
 Stab: Paralysed         |       |     2 |    19 |    47 |   162 ||   230
  Eat: Chunk             |     4 |     6 |    10 |    18 |    23 ||    61
       Ration            |       |       |       |     2 |       ||     2
Armor: Scale mail        |    75 |    86 |    25 |       |       ||   186
       Skin              |     6 |       |       |       |       ||     6
       Chain mail        |       |       |    62 |     4 |       ||    66
       Plate armour      |       |       |       |   121 |    89 ||   210
       Pearl dragon scal |       |       |       |   112 |   292 ||   404
Dodge: Dodged            |    51 |    65 |    56 |   182 |   340 ||   694
Block: Shield            |    84 |    89 |   109 |   254 |   493 ||  1029

Vault maps used:
D:1:      nicolae_arrival_memento_mori, minmay_pentomino_r2
D:2:      lightli_temple_of_fire, first_ration, minmay_misc_feat_chi, uniq_robin
D:3:      chequers_temple_overflow_minitemple, kennysheep_generic_room_12
D:5:      minmay_temple_entry_mist, hangedman_decor_points,
          kennysheep_decorative_pillar, kennysheep_generic_room_2,
          uniq_menkaure, uniq_crazy_yiuf_cottage
D:6:      minmay_misc_feat_doors
D:7:      grunt_livestock, grunt_decor_mini_mirrors, fedhas_altar_4
D:8:      minmay_opposing_rooms
D:9:      gammafunk_temple_overflow_wave, uniq_grum
D:10:     minmay_lair_entry_grove, serial_shops, nicolae_shop_behind_doors,
          nicolae_shop_crystal, uniq_psyche, uniq_nergalle, uniq_snorg
D:11:     uniq_erolcha, uniq_erica
D:12:     orc_0_dummy, uniq_fannar
Lair:1:   uniq_gastronok
Lair:2:   spider_nest_entry_rubble
Lair:3:   minmay_shoals_entry_hut, serial_bayou_lagoon_a, lemuel_fruit_tree
Lair:4:   onia_ninara_swampy_vault, beast_lair_carwin_4, lemuel_fruit_fields,
          minmay_lair_oklob_chamber
Lair:5:   uniq_rupert
Lair:6:   minmay_lair_end_enchanted_forest, slime_altar_2
Orc:1:    nicolae_orc_pool_cavern
Orc:2:    st_orc_rangers, portal_ice_cave_entry_imps, serial_shops,
          nicolae_shop_crystal
IceCv:    ice_cave_small_dragons
